SL
THUNDER BAY NORTHERN LIONS BC @ DETROIT RENAISSANCE
09/04/2024
 
TOP OF THE 1ST
Thunder Bay Northern Lions BC batting - Pitching for Detroit Renaissance : LHP Lorenzo Sánchez
Pitching: LHP Lorenzo Sánchez
Batting: LHB Chris Gregory 0-0: Ball
1-0: Called Strike
1-1: Ball
2-1: Ball
3-1: Swinging Strike
3-2: Strikes out swinging
Batting: LHB Michael Greene 0-0: Swinging Strike
0-1: Ball
1-1: Foul Ball, location: 2F
1-2: Ball
2-2: Ball
3-2: Foul Ball, location: 2F
3-2: Foul Ball, location: 2F
3-2: Foul Ball, location: 2F
3-2: Ground out U3 (Groundball, 3)
Batting: RHB Ed Whitaker 0-0: Called Strike
0-1: Ball
1-1: Foul Ball, location: 2F
1-2: Ball
2-2: Strikes out swinging
Top of the 1st over - 0 run(s), 0 hit(s), 0 error(s), 0 left on base; Thunder Bay 0 - Detroit 0
BOTTOM OF THE 1ST
Detroit Renaissance batting - Pitching for Thunder Bay Northern Lions BC : RHP Júlio Palma
Pitching: RHP Júlio Palma
Batting: RHB Kyle Bywaters 0-0: Ground out 6-3 (Groundball, 6)
Batting: RHB Bernardo Herrera 0-0: Ground out 1-3 (Groundball, 25)
Batting: LHB Mike Silver 0-0: Called Strike
0-1: Ball
1-1: Foul Ball, location: 2F
1-2: Strikes out swinging
Bottom of the 1st over - 0 run(s), 0 hit(s), 0 error(s), 0 left on base; Thunder Bay 0 - Detroit 0
TOP OF THE 2ND
Thunder Bay Northern Lions BC batting - Pitching for Detroit Renaissance : LHP Lorenzo Sánchez
Batting: LHB David Smith 0-0: Swinging Strike
0-1: Foul Ball, location: 2F
0-2: Ball
1-2: Ball
2-2: Ground out 4-3 (Groundball, 4)
Batting: SHB Carlos Rodríguez 0-0: Ball
1-0: Ball
2-0: Ball
3-0: Base on Balls
Batting: LHB John Brewer 0-0: Called Strike
0-1: Ball
1-1: Foul Ball, location: 2F
1-2: Fly out, F3 (Line Drive, 3L)
1-2: Lined into DP, U3 (Line Drive, 3L)
Top of the 2nd over - 0 run(s), 0 hit(s), 0 error(s), 0 left on base; Thunder Bay 0 - Detroit 0
BOTTOM OF THE 2ND
Detroit Renaissance batting - Pitching for Thunder Bay Northern Lions BC : RHP Júlio Palma
Batting: LHB Juan González 0-0: Swinging Strike
0-1: Foul Ball, location: 2F
0-2: Strikes out swinging
Batting: LHB Gregory Johnson 0-0: Ball
1-0: Ball
2-0: Ball
3-0: Called Strike
3-1: Fly out, F7 (Flyball, 7M)
Batting: LHB Michael Neely 0-0: Foul Ball, location: 2F
0-1: Ball
1-1: DOUBLE (Flyball, 8RXD)
Batting: LHB Tim Waters 0-0: SINGLE (Flyball, 8LS)
Michael Neely to third
Runner from 3rd tries for Home, SAFE, no throw or cutoff
Batting: LHB Gustavo Cortéz 0-0: Called Strike
0-1: Ball
1-1: Fly out, F6 (Popup, 5DF)
Bottom of the 2nd over - 1 run(s), 2 hit(s), 0 error(s), 1 left on base; Thunder Bay 0 - Detroit 1
TOP OF THE 3RD
Thunder Bay Northern Lions BC batting - Pitching for Detroit Renaissance : LHP Lorenzo Sánchez
Batting: RHB Keith Fish 0-0: Called Strike
0-1: Ball
1-1: Ground out 1-3 (Groundball, 15S)
Batting: SHB Arnold Griffith 0-0: Ground out 4-3 (Groundball, 4)
Batting: RHB Carlos Padilla 0-0: Ball
1-0: Foul Ball, location: 2F
1-1: Foul Ball, location: 2F
1-2: Ball
2-2: Strikes out swinging
Top of the 3rd over - 0 run(s), 0 hit(s), 0 error(s), 0 left on base; Thunder Bay 0 - Detroit 1
BOTTOM OF THE 3RD
Detroit Renaissance batting - Pitching for Thunder Bay Northern Lions BC : RHP Júlio Palma
Batting: LHB Greg Robinson 0-0: Foul Ball, location: 2F
0-1: Ball
1-1: Ball
2-1: Foul Ball, location: 2F
2-2: Foul Ball, location: 2F
2-2: Ball
3-2: Foul Ball, location: 2F
3-2: Foul Ball, location: 2F
3-2: Foul Ball, location: 2F
3-2: Foul Ball, location: 2F
3-2: Base on Balls
Batting: RHB Kyle Bywaters 0-0: Ball
1-0: Called Strike
1-1: Ball
2-1: DOUBLE (Groundball, 5L)
Greg Robinson to third
Batting: RHB Bernardo Herrera 0-0: Foul Ball, location: 2F
0-1: Swinging Strike
0-2: Ground out 6-3 (Groundball, 6M)
Greg Robinson scores
Kyle Bywaters to third
Batting: LHB Mike Silver 0-0: Ball
1-0: Ball
2-0: Foul Ball, location: 2F
2-1: Ball
3-1: Foul Ball, location: 2F
3-2: Foul Ball, location: 2F
3-2: Base on Balls
Batting: LHB Juan González 0-0: Called Strike
Mike Silver steals 2nd base
0-1: Swinging Strike
0-2: Ground out 4-3 (Groundball, 4)
Kyle Bywaters scores
Mike Silver to third
Batting: LHB Gregory Johnson 0-0: Ball
1-0: Swinging Strike
1-1: Ball
2-1: Fly out, F8 (Flyball, 8RM)
Bottom of the 3rd over - 2 run(s), 1 hit(s), 0 error(s), 1 left on base; Thunder Bay 0 - Detroit 3
TOP OF THE 4TH
Thunder Bay Northern Lions BC batting - Pitching for Detroit Renaissance : LHP Lorenzo Sánchez
Batting: LHB Chris Gregory 0-0: Ball
1-0: Foul Ball, location: 2F
1-1: Ball
2-1: Foul Ball, location: 2F
2-2: Fly out, F4 (Line Drive, 4)
Batting: LHB Michael Greene 0-0: Ball
1-0: Ball
2-0: Foul Ball, location: 2F
2-1: Foul Ball, location: 2F
2-2: Ground out 4-3 (Groundball, 4M)
Batting: RHB Ed Whitaker 0-0: Called Strike
0-1: Ball
1-1: DOUBLE (Line Drive, 78D)
Batting: LHB David Smith 0-0: Swinging Strike
0-1: Ball
1-1: Foul Ball, location: 2F
1-2: Strikes out swinging
Top of the 4th over - 0 run(s), 1 hit(s), 0 error(s), 1 left on base; Thunder Bay 0 - Detroit 3
BOTTOM OF THE 4TH
Detroit Renaissance batting - Pitching for Thunder Bay Northern Lions BC : RHP Júlio Palma
Batting: LHB Michael Neely 0-0: Ball
1-0: Called Strike
1-1: Foul Ball, location: 2F
1-2: DOUBLE (Line Drive, 3D)
Batting: LHB Tim Waters 0-0: Called Strike
0-1: Foul Ball, location: 2F
0-2: Ball
1-2: Fly out, F9 (Line Drive, 9S)
Batting: LHB Gustavo Cortéz 0-0: Ground out 6-3 (Groundball, 6M)
Michael Neely to third
Batting: LHB Greg Robinson 0-0: Ball
1-0: Ball
2-0: Ball
3-0: Called Strike
3-1: Called Strike
3-2: Fly out, F7 (Flyball, 7LM)
Bottom of the 4th over - 0 run(s), 1 hit(s), 0 error(s), 1 left on base; Thunder Bay 0 - Detroit 3
TOP OF THE 5TH
Thunder Bay Northern Lions BC batting - Pitching for Detroit Renaissance : LHP Lorenzo Sánchez
Batting: SHB Carlos Rodríguez 0-0: Swinging Strike
0-1: Foul Ball, location: 2F
0-2: Ground out 5-3 (Groundball, 5)
Batting: LHB John Brewer 0-0: Foul Ball, location: 2F
0-1: Ball
1-1: Ball
2-1: Swinging Strike
2-2: Strikes out swinging
Batting: RHB Keith Fish 0-0: Foul Ball, location: 2F
0-1: Foul Ball, location: 2F
0-2: Ball
1-2: Ball
2-2: Ground out 5-3 (Groundball, 56)
Top of the 5th over - 0 run(s), 0 hit(s), 0 error(s), 0 left on base; Thunder Bay 0 - Detroit 3
BOTTOM OF THE 5TH
Detroit Renaissance batting - Pitching for Thunder Bay Northern Lions BC : RHP Júlio Palma
Batting: RHB Kyle Bywaters 0-0: Ball
1-0: Ball
2-0: Called Strike
2-1: Foul Ball, location: 2F
2-2: Foul Ball, location: 2F
2-2: Fly out, F3 (Popup, 34)
Batting: RHB Bernardo Herrera 0-0: Ball
1-0: Ball
2-0: Called Strike
2-1: Foul Ball, location: 2F
2-2: Hit by Pitch
Batting: LHB Mike Silver 0-0: Ball
1-0: Ball
Bernardo Herrera steals 2nd base
2-0: Ball
3-0: Base on Balls
Batting: LHB Juan González 0-0: Called Strike
0-1: Foul Ball, location: 2F
0-2: Ball
1-2: Strikes out swinging
Pitching: RHP Ted Locke
Batting: LHB Gregory Johnson 0-0: Fly out, F8 (Flyball, 8RM)
Bottom of the 5th over - 0 run(s), 0 hit(s), 0 error(s), 2 left on base; Thunder Bay 0 - Detroit 3
TOP OF THE 6TH
Thunder Bay Northern Lions BC batting - Pitching for Detroit Renaissance : LHP Lorenzo Sánchez
Batting: SHB Arnold Griffith 0-0: Foul Ball, location: 2F
0-1: SINGLE (Groundball, 4MD)
Batting: RHB Carlos Padilla 0-0: Fly out, F3 (Popup, 23F)
Batting: LHB Chris Gregory 0-0: Fielders Choice at 2nd, 1-6 (Groundball, 15S)
Batting: LHB Michael Greene 0-0: Called Strike
0-1: Ball
1-1: Ball
2-1: Ball
3-1: Foul Ball, location: 2F
3-2: 2-RUN HOME RUN (Flyball, 9D), Distance : 368 ft
Batting: RHB Ed Whitaker 0-0: Ball
1-0: Called Strike
1-1: Ball
2-1: Ball
3-1: Foul Ball, location: 2F
3-2: Base on Balls
Batting: LHB David Smith 0-0: Called Strike
0-1: Called Strike
0-2: Foul Ball, location: 2F
0-2: Ball
1-2: Strikes out swinging
Top of the 6th over - 2 run(s), 2 hit(s), 0 error(s), 1 left on base; Thunder Bay 2 - Detroit 3
BOTTOM OF THE 6TH
Detroit Renaissance batting - Pitching for Thunder Bay Northern Lions BC : RHP Ted Locke
Batting: LHB Michael Neely 0-0: Ball
1-0: Called Strike
1-1: Ball
2-1: Swinging Strike
2-2: Strikes out swinging
Batting: LHB Tim Waters 0-0: Ball
1-0: Fly out, F4 (Popup, 4MD)
Batting: LHB Gustavo Cortéz 0-0: Swinging Strike
0-1: Ball
1-1: Ball
2-1: Foul Ball, location: 2F
2-2: SINGLE (Line Drive, 4M)
Batting: LHB Greg Robinson 0-0: Called Strike
0-1: Fly out, F8 (Flyball, 89M)
Bottom of the 6th over - 0 run(s), 1 hit(s), 0 error(s), 1 left on base; Thunder Bay 2 - Detroit 3
TOP OF THE 7TH
Thunder Bay Northern Lions BC batting - Pitching for Detroit Renaissance : LHP Lorenzo Sánchez
Batting: SHB Carlos Rodríguez 0-0: Ball
1-0: Ball
2-0: Called Strike
2-1: Swinging Strike
2-2: Strikes out swinging
Batting: LHB John Brewer 0-0: Called Strike
0-1: Ball
1-1: Called Strike
1-2: Strikes out swinging
Batting: RHB Keith Fish 0-0: Called Strike
0-1: Called Strike
0-2: Ball
1-2: Strikes out swinging
Top of the 7th over - 0 run(s), 0 hit(s), 0 error(s), 0 left on base; Thunder Bay 2 - Detroit 3
BOTTOM OF THE 7TH
Detroit Renaissance batting - Pitching for Thunder Bay Northern Lions BC : RHP Ted Locke
Batting: RHB Kyle Bywaters 0-0: Foul Ball, location: 2F
0-1: Ball
1-1: Swinging Strike
1-2: SINGLE (Line Drive, 4MD)
Batting: RHB Bernardo Herrera 0-0: Bunted foul
0-1: Ball
1-1: Ball
2-1: Bunted foul
2-2: Foul Ball, location: 2F
2-2: Ground out 5-3 (Groundball, 5)
Kyle Bywaters to second
Pitching: RHP Allen Wilson
Batting: LHB Mike Silver 0-0: Swinging Strike
0-1: Foul Ball, location: 2F
0-2: Ball
1-2: Ball
2-2: Foul Ball, location: 2F
2-2: Foul Ball, location: 2F
2-2: Foul Ball, location: 2F
2-2: Foul Ball, location: 2F
2-2: Foul Ball, location: 2F
2-2: Fly out, F8 (Popup, 8RS)
Batting: LHB Juan González 0-0: Intentional Walk
Pinch Hitting: RHB Lonnie Conrad 0-0: Ball
1-0: Fielders Choice at 2nd, 4-6 (Groundball, 6M)
Bottom of the 7th over - 0 run(s), 1 hit(s), 0 error(s), 1 left on base; Thunder Bay 2 - Detroit 3
TOP OF THE 8TH
Thunder Bay Northern Lions BC batting - Pitching for Detroit Renaissance : LHP Lorenzo Sánchez
Now at 3B: Pablo León
Batting: SHB Arnold Griffith 0-0: Foul Ball, location: 2F
0-1: Ground out 5-3 (Groundball, 15S)
Batting: RHB Carlos Padilla 0-0: Foul Ball, location: 2F
0-1: Ball
1-1: Foul Ball, location: 2F
1-2: Ball
2-2: Fly out, F7 (Flyball, 7M)
Batting: LHB Chris Gregory 0-0: Ball
1-0: Called Strike
1-1: Fly out, F7 (Flyball, 7LS)
Top of the 8th over - 0 run(s), 0 hit(s), 0 error(s), 0 left on base; Thunder Bay 2 - Detroit 3
BOTTOM OF THE 8TH
Detroit Renaissance batting - Pitching for Thunder Bay Northern Lions BC : RHP Allen Wilson
Batting: LHB Michael Neely 0-0: Called Strike
0-1: Ball
1-1: Called Strike
1-2: Ball
2-2: Ground out U3 (Groundball, 3L)
Batting: LHB Tim Waters 0-0: Ball
1-0: Swinging Strike
1-1: Foul Ball, location: 2F
1-2: Foul Ball, location: 2F
1-2: Hit by Pitch
Batting: LHB Gustavo Cortéz 0-0: Fly out, F7 (Flyball, 8LS)
Batting: LHB Greg Robinson 0-0: Ball
1-0: Called Strike
1-1: Ball
2-1: Ball
3-1: Called Strike
3-2: Foul Ball, location: 2F
3-2: Fly out, F5 (Popup, 5SF)
Bottom of the 8th over - 0 run(s), 0 hit(s), 0 error(s), 1 left on base; Thunder Bay 2 - Detroit 3
TOP OF THE 9TH
Thunder Bay Northern Lions BC batting - Pitching for Detroit Renaissance : LHP Lorenzo Sánchez
Pinch Hitting: RHB Robert O'Connor 0-0: Called Strike
0-1: Swinging Strike
0-2: Strikes out swinging
Batting: RHB Ed Whitaker 0-0: Ball
1-0: Called Strike
1-1: Fly out, F9 (Flyball, 9S)
Pitching: RHP Jack Carr
Batting: LHB David Smith 0-0: Called Strike
0-1: Ball
1-1: Ball
2-1: Ball
3-1: Foul Ball, location: 2F
3-2: Foul Ball, location: 2F
3-2: Foul Ball, location: 2F
3-2: Foul Ball, location: 2F
3-2: Fly out, F4 (Popup, 4)
Top of the 9th over - 0 run(s), 0 hit(s), 0 error(s), 0 left on base; Thunder Bay 2 - Detroit 3
This league is powered by Out of the Park Baseball, the baseball management simulation game for PC, Mac and Linux
Monday, October 3rd, 2016 - OOTP Baseball 16.9 Build 39